 Dungeon Crawl Stone Soup version 0.25-a0-200-g5ba9614 (webtiles) character file.

Game seed: 5512158211622554355, levelgen mode: deterministic

208 Forgeling the Stinger (level 5, 0/57 HPs)
             Began as a Draconian Venom Mage on Dec 1, 2019.
             Slain by a river rat (2 damage)
             ... in a sewer on Dec 2, 2019.
             The game lasted 00:12:57 (3918 turns).

Forgeling the Stinger (Draconian Venom Mage)        Turns: 3918, Time: 00:12:57

Health: 0/57       AC: 22    Str: 10    XL:     5   Next: 55%
Magic:  8/8        EV:  2    Int: 21    God:
Gold:   235        SH:  0    Dex: 17    Spells: 2/8 levels left

rFire    . . .     SeeInvis .   m - +0 short sword
rCold    . . .     Gourm    .   (no shield)
rNeg     + + +     Faith    .   (armour unavailable)
rPois    +         Spirit   .   (helmet currently unavailable)
rElec    .         Reflect  .   (cloak currently unavailable)
rCorr    .         Harm     .   (gloves currently unavailable)
MR       .....     NoTele   +   (boots currently unavailable)
Stlth    +++.......             h - amulet of the acrobat
HPRegen  0.19/turn              d - ring of poison resistance
MPRegen  0.11/turn              (no ring)

@: brilliant, agile, tree-form, hasted, very quick
A: unfitting armour, subdued magic 1, AC +5
a: no special abilities


You were in a sewer.
You were hungry.
You were a tree.
You visited 1 branch of the dungeon, and saw 3 of its levels.
You also visited: Sewer.

You collected 235 gold pieces.

Inventory:

Hand Weapons
 c - a +0 hunting sling
 e - a +0 mace
 m - a +0 short sword (weapon)
 o - a +2 war axe of draining
Missiles
 i - 3 atropa-tipped darts (quivered)
 j - 82 stones
 l - 8 poisoned darts
 q - 20 sling bullets
Jewellery
 d - a ring of poison resistance (left branch)
 h - an amulet of the acrobat (around neck)
Scrolls
 a - a scroll of blinking {unknown}
 b - 2 scrolls of noise {unknown}
 g - 2 scrolls of fear {unknown}
 k - a scroll of amnesia {unknown}
 p - 2 scrolls of teleportation {unknown}
 U - a scroll of remove curse {@r2}
 Z - a scroll of identify {@r1}
Potions
 s - 2 potions of mutation
 B - 2 potions of brilliance
 I - a potion of invisibility
Comestibles
 f - 5 rations


   Skills:
 - Level 1.7 Dodging
 - Level 1.7 Stealth
 - Level 2.0 Spellcasting
 + Level 3.9 Conjurations
 - Level 5.0 Poison Magic


You had 2 spell levels left.
You knew the following spells:

 Your Spells              Type           Power        Failure   Level  Hunger
a - Sting                 Conj/Pois      ####         1%          1    #......
d - Mephitic Cloud        Conj/Pois/Air  ###.....     1%          3    ###....
s - Poisonous Vapours     Pois/Air       ###...       1%          2    ##.....

Your spell library contained the following spells:

 Spells                   Type           Power        Failure   Level  Hunger
 Olgreb's Toxic Radiance  Pois           ####....     1%          4    #####..
 Venom Bolt               Conj/Pois      ####......   7%          5    ######.


Dungeon Overview and Level Annotations

Branches:
Dungeon (3/15)              Sewer (1/1)

Altars:


Innate Abilities, Weirdness & Mutations

((Your plain brown scales are hard. (AC +5)))
You cannot fit into any form of body armour.
((You are cold-blooded and may be slowed by cold attacks.))
((You are covered in fur. (AC +1)))
Your spells are a little easier to cast, but a little less powerful.


Message History

You barely miss the river rat.
The river rat is almost dead.
The rat splashes around in the water.
You barely miss the river rat.
The river rat is almost dead.
The river rat bites you!
* * * LOW HITPOINT WARNING * * *
You feel agile all of a sudden.
The rat splashes around in the water.
It was a potion of lignification.
You turn into a tree.
Your roots penetrate the ground.
The rat splashes around in the water. x2
You barely miss the river rat.
The river rat is almost dead.
The river rat bites you.
* * * LOW HITPOINT WARNING * * *
It was a potion of haste.
You feel yourself speed up.
The rat splashes around in the water.
It was a potion of magic.
Magic courses through your body. The river rat bites you.
You die...

#≈≈≈≈≈≈#####
#≈†≈≈≈≈#
#≈≈≈≈≈≈#
#≈≈≈≈≈≈#
#≈≈≈≈≈≈#
#≈≈≈≈≈≈#
#≈≈≈≈≈≈#
#≈†≈≈≈≈#
#≈≈≈≈≈≈#
#≈≈÷≈≈≈#
#≈≈≈≈≈≈#
#≈≈≈≈≈≈#
#≈≈≈≈≈≈#
#≈≈≈≈≈≈#
#≈≈≈r≈≈#
#≈≈≈≈≈≈#
#≈≈.r♣≈#
#.≈≈≈≈≈#
#≈≈..r≈#
#≈≈≈≈≈≈#
#≈≈≈≈≈≈#
#≈≈≈≈≈≈#
#≈≈≈≈≈≈#
#≈≈≈≈≈≈#
#≈≈†≈≈≈#
#≈≈≈≈≈≈#
#≈≈≈†≈≈#
#≈≈≈≈≈≈#
#≈≈≈≈≈≈#
#≈≈≈≈≈≈#
##≈.†..#
##≈.≈≈##
#......#
#......##


You could see a river rat and 2 rats.

Vanquished Creatures
  6 adders
  2 river rats
  2 oozes
  3 worms
  3 dart slugs
  4 leopard geckos
  An orc (D:3)
  3 giant cockroaches
  5 goblins
  11 hobgoblins
  2 jackals (D:2)
  3 quokkas
  7 ball pythons
  9 bats
  8 frilled lizards
  11 kobolds
  40 rats
120 creatures vanquished.

Notes
Turn   | Place    | Note
-------+----------+-------------------------------------------
     0 | D:1      | Forgeling the Draconian Venom Mage began the quest for the
                  | Orb.
     0 | D:1      | Reached XP level 1. HP: 14/14 MP: 3/3
   333 | D:2      | Reached XP level 2. HP: 20/20 MP: 0/5
   683 | D:2      | Reached skill level 4 in Poison Magic
   758 | D:2      | Reached XP level 3. HP: 10/26 MP: 0/6
  2027 | D:1      | Reached XP level 4. HP: 33/33 MP: 5/7
  2067 | D:1      | Reached skill level 5 in Poison Magic
  2071 | D:1      | Learned a level 2 spell: Poisonous Vapours
  2075 | D:1      | Learned a level 3 spell: Mephitic Cloud
  3205 | D:3      | Reached XP level 5. HP: 31/38 MP: 0/8
  3367 | D:3      | Found a glowing drain.
  3423 | Sewer    | Entered a sewer
  3910 | Sewer    | Gained mutation: Your spells are a little easier to cast,
                  | but a little less powerful. [potion of mutation]
  3910 | Sewer    | Gained mutation: You are covered in fur. (AC +1) [potion of
                  | mutation]
  3916 | Sewer    | HP: 2/57 [river rat (3)]
  3918 | Sewer    | Slain by a river rat

Levels and vault maps discovered:
D:1:      dpeg_arrival_rooms_with_view, layout_basic
D:2:      layout_loops_ring, first_ration
D:3:      layout_basic, portal_sewer_entry_e
Sewer:    sewer_minmay_w

Skill      XL: |  1  2  3  4  5 |
---------------+----------------+-----
Poison Magic   | 4 5 |  5.0
Conjurations   | 2 3 |  3.9
Dodging        | |  1.7
Stealth        | |  1.7
Spellcasting   | |  2.0

Action                   |  1- 3 |  4- 6 || total
-------------------------+-------+-------++-------
Melee: Unarmed           |     1 |       ||     1
       Mace              |     4 |       ||     4
       Short sword       |       |    45 ||    45
       Tailslap          |       |     3 ||     3
 Cast: Sting             |    80 |   126 ||   206
  Use: Scroll            |       |     4 ||     4
       Potion            |       |     7 ||     7
  Eat: Chunk             |     5 |     4 ||     9
       Ration            |       |     1 ||     1
Armor: Skin              |     7 |    35 ||    42
Dodge: Dodged            |    21 |    75 ||    96

Table legend:
 A = Non-vault XP
 B = Vault XP
 C = Vault XP percentage of total XP
 D = Non-vault monster count
 E = Vault monster count
 F = Vault count percentage of total count
                 A         B        C        D         E       F
            +---------+---------+-------+---------+---------+-------
      Total |     204 |      94 |  31.5 |      78 |      42 |  35.0
            +---------+---------+-------+---------+---------+-------
        D:1 |      49 |       3 |   5.8 |      26 |       2 |   7.1
        D:2 |      83 |       0 |   0.0 |      32 |       0 |   0.0
        D:3 |      72 |      21 |  22.6 |      20 |       8 |  28.6
      Sewer |       0 |      70 | 100.0 |       0 |      32 | 100.0
            +---------+---------+-------+---------+---------+-------
